 Dungeon Crawl Stone Soup version 0.28.0-53-g5a82cb258f (webtiles) character file.

Game seed: 1462240338653429856

123 Labrat the Conjurer (level 4, -2/33 HPs)
             Began as a Demigod Conjurer on July 15, 2022.
             Slain by Grinder (6 damage)
             ... on level 3 of the Dungeon on July 17, 2022.
             The game lasted 00:06:37 (2835 turns).

Labrat the Conjurer (Demigod Conjurer)              Turns: 2835, Time: 00:06:39

Health: -2/33      AC:  4    Str:  8    XL:     4   Next: 52%
Magic:  1/11       EV: 12    Int: 24    God:
Gold:   135        SH:  0    Dex: 12    Spells: 6/9 levels left

rFire   . . .      SeeInvis .   j - +1 short sword (drain)
rCold   . . .      Faith    .   (no shield)
rNeg    . . .      Spirit   .   a - +0 robe
rPois   .          Reflect  .   e - +0 helmet
rElec   .          Harm     .   (no cloak)
rCorr   .          Rampage  .   (no gloves)
Will    .....                   b - +0 pair of boots
Stlth   ++........              (no amulet)
HPRegen 0.11/turn               (no ring)
MPRegen 0.12/turn               (no ring)

@: no status effects
A: high MP 1, forlorn, divine attributes
a: no special abilities


You were on level 3 of the Dungeon.
You visited 1 branch of the dungeon, and saw 3 of its levels.

You collected 135 gold pieces.

Inventory:

Hand Weapons
 j - a +1 short sword of draining (weapon)
Missiles
 d - 4 javelins
Armour
 a - a +0 robe (worn)
 b - a +0 pair of boots (worn)
 e - a +0 helmet (worn)
Wands
 k - a wand of polymorph (4)
Scrolls
 c - 2 scrolls of amnesia {unknown}
 g - 5 scrolls of identify {unknown}
Potions
 f - a potion of heal wounds {unknown}
 h - a potion of cancellation {unknown}
 i - 2 potions of lignification {unknown}


   Skills:
 - Level 1.8 Dodging
 - Level 1.8 Stealth
 + Level 3.2 Spellcasting
 + Level 4.7 Conjurations


You had 6 spell levels left.
You knew the following spells:

 Your Spells              Type           Power      Damage    Failure   Level
a - Magic Dart            Conj           100%       1d8       1%          1
b - Searing Ray           Conj           52%        2d6       2%          2

Your spell library contained the following spells:

 Spells                   Type           Power      Damage    Failure   Level
 Dazzling Flash           Conj/Hex       30%        N/A       12%         3
 Stone Arrow              Conj/Erth      30%        3d8       12%         3
 Sublimation of Blood     Necr           3%         N/A       16%         2
 Wereblood                Tmut           3%         N/A       16%         2
 Fulminant Prism          Conj/Hex       7%         3d7       36%         4
 Iskenderun's Mystic Bla  Conj/Tloc      15%        2d5       36%         4
 Animate Armour           Summ/Erth      6%         N/A       71%         4
 Summon Hydra             Summ           1%         N/A       100%        7
 Lehudib's Crystal Spear  Conj/Erth      7%         10d3      100%        8


Dungeon Overview and Level Annotations

Branches:
Dungeon (3/15)

Annotations:
D:3 Grinder, Natasha, Sigmund


Innate Abilities, Weirdness & Mutations

You have an increased reservoir of magic. (+10% MP)
You shall have no god before yourself.
Your divine heritage dramatically boosts your attributes as you level up.


Message History

You barely resist.
Casting: Searing Ray (safe; 2% risk of failure)
Confirm with . or Enter, or press ? or * to list all spells.
Aiming: Searing Ray (safe; 2% risk of failure)
Press: ? - help, Shift-Dir - straight line, f - Grinder
Aim: Grinder (77% to hit)
The searing ray hits Grinder!
Grinder is moderately wounded. (Press . to maintain the ray.) Unknown command.
The searing ray hits Grinder!
Grinder is heavily wounded.
Grinder hits you!
The searing ray misses Grinder.
Grinder completely misses you.
The searing ray hits Grinder.
Grinder is severely wounded.
You finish channelling your searing ray.
Grinder closely misses you.
Casting: Searing Ray (safe; 2% risk of failure)
Confirm with . or Enter, or press ? or * to list all spells.
Aiming: Searing Ray (safe; 2% risk of failure)
Press: ? - help, Shift-Dir - straight line, f/p - Grinder
Aim: Grinder (severely wounded, 77% to hit)
The searing ray hits Grinder.
Grinder is severely wounded. (Press . to maintain the ray.) Grinder hits you but does no damage.
The searing ray hits Grinder.
Grinder is severely wounded.
Grinder hits you!
The searing ray misses Grinder.
Grinder gestures at you. Pain shoots through your body!
The searing ray hits Grinder!
Grinder is almost dead.
You finish channelling your searing ray.
Grinder hits you!
* * * LOW HITPOINT WARNING * * *
You writhe in agony.
You die...

#.# #.# .. #.######## #(# .#
#......... #.#########
#>##....... #....# ####.###### .#
###..#...........# #.#
###..#.........5.# #.##
.##......##.# #@# ##..
.###.#...##.# #.# #..# .#
#.#...##.# #.# #..# .#
#.#...##.## #.# #..#
.###.#...#...# #.# #<.#
.............###.## #..#######
.###.........##...######........#
.#####...#.#..............#####.#
...........####...######.## #.#


You could see Grinder.

Vanquished Creatures
  3 gnolls (D:2)
  3 adders
  A worm (D:2)
  A dart slug (D:1)
  An orc (D:3)
  4 ball pythons
  6 bats
  8 endoplasms
  2 giant cockroaches
  7 goblins
  6 hobgoblins
  2 jackals (D:1)
  3 quokkas (D:3)
  4 kobolds
  5 rats
56 creatures vanquished.

Vanquished Creatures (others)
  3 plants (D:3)
3 creatures vanquished.

Grand Total: 59 creatures vanquished

Notes
Turn   | Place    | Note
-------+----------+-------------------------------------------
     0 | D:1      | Labrat the Demigod Conjurer began the quest for the Orb.
     0 | D:1      | Reached XP level 1. HP: 14/14 MP: 5/5
   256 | D:1      | Reached XP level 2. HP: 20/20 MP: 2/7
   570 | D:1      | Reached skill level 4 in Conjurations
   915 | D:1      | Learned a level 2 spell: Searing Ray
  1075 | D:2      | Reached XP level 3. HP: 24/26 MP: 5/9
  1608 | D:2      | Reached XP level 4. HP: 33/33 MP: 6/11
  2311 | D:3      | Noticed Natasha
  2568 | D:3      | Noticed Sigmund
  2827 | D:3      | Noticed Grinder
  2835 | D:3      | Slain by Grinder

Illustrated notes

Levels and vault maps discovered:
D:1:      roderic_dead_forest, layout_rooms
D:2:      layout_loops_ring, minmay_misc_feat_ornament
D:3:      layout_loops_ring, shapermc_ecumenical_altar_mp_urbaneastern,
          serial_forest, infiniplex_forest_straight_2,
          infiniplex_forest_lined_2, infiniplex_forest_clump_diagonal,
          infiniplex_forest_lined_3, infiniplex_forest_clump_cross,
          infiniplex_forest_clump_tiny, infiniplex_forest_lined_3, serial_shops,
          shop, minmay_between, uniq_grinder, uniq_sigmund, uniq_natasha

Skill      XL: |  1  2  3  4 |
---------------+-------------+-----
Spellcasting   | 2 3 |  3.2
Conjurations   | 4 |  4.7
Dodging        | |  1.8
Stealth        | |  1.8

Action                   |  1- 3 |  4- 6 || total
-------------------------+-------+-------++-------
Melee: Unarmed           |     8 |       ||     8
 Cast: Magic Dart        |    69 |    27 ||    96
       Searing Ray       |     5 |     6 ||    11
Armor: Robe              |     4 |     4 ||     8
Dodge: Dodged            |    14 |     2 ||    16
